 Dungeon Crawl Stone Soup version 0.30-a0-696-g2367cd04db (console) character file.

Game seed: 6892761286722635056

37 petzl the Sneak (level 3, -6/29 (30) HPs)
             Began as a Formicid Delver on Jan 20, 2023.
             Mangled by an iguana (12 damage)
             ... on level 6 of the Dungeon.
             The game lasted 00:04:29 (616 turns).

petzl the Sneak (Formicid Delver)                    Turns: 616, Time: 00:04:29

HP:   -6/29 (30)    AC:  3    Str: 16    XL:     3   Next: 62%
MP:   13/13         EV: 12    Int: 11    God:
Gold: 11            SH:  0    Dex: 15    Spells: 3/3 levels left

rFire   . . .      SeeInvis +    a - +0 quarterstaff
rCold   . . .      Faith    .    (no shield)
rNeg    . . .      Spirit   .    b - +0 leather armour
rPois   .          Reflect  .    (helmet unavailable)
rElec   .          Harm     .    (no cloak)
rCorr   .          Rampage  .    (no gloves)
Will    .....                    (no boots)
Stlth   +++                      (no amulet)
HPRegen 0.24/turn                j - ring of magical power
MPRegen 0.13/turn                (no ring)

@: lightly drained
A: permanent stasis, dig shafts and tunnels, antennae 3, four strong arms
a: Dig, Shaft Self


You were on level 6 of the Dungeon.
You visited 2 branches of the dungeon, and saw 5 of its levels.

You collected 11 gold pieces.

Inventory:

Hand Weapons
 a - a +0 quarterstaff (weapon)
Armour
 b - a +0 leather armour (worn)
Jewellery
 j - a ring of magical power (left hand)
Wands
 g - a wand of digging (3)
Scrolls
 c - a scroll of fog
 d - 2 scrolls of magic mapping
 e - a scroll of fear
 h - 2 scrolls of identify {unknown}
 i - a scroll of silence {unknown}
 k - a scroll of amnesia {unknown}


   Skills:
 - Level 3.6 Fighting
 - Level 2.4 Maces & Flails
 - Level 2.1 Dodging
 - Level 6.3 Stealth
 + Level 0.9 Spellcasting


You had 3 spell levels left.
You didn't know any spells.
Your spell library was empty.

Dungeon Overview and Level Annotations

Branches:
Dungeon (8/15)             Temple (1/1) D:5
   Lair: D:8-11

Altars:
Ashenzari
Cheibriados
Fedhas
Hepliaklqana
Kikubaaqudgha
Qazlal
Sif Muna
Vehumet
Wu Jian

Annotations:
D:6 exclusion: downstairs
D:7 exclusions: downstairs, hound and necrophage


Innate Abilities, Weirdness & Mutations

You cannot be hasted, slowed, berserked, paralysed or teleported.
You can dig through walls and to a lower floor.
You have a pair of large antennae on your head. (SInv)
Your four strong arms can wield two-handed weapons with a shield.


Message History

You closely miss the adder.
The adder is heavily wounded.
The adder bites you but does no damage.
You barely miss the adder.
The adder is heavily wounded.
The adder closely misses you. x2
You sock the adder!
The adder is almost dead.
The adder bites you.
You closely miss the adder. You punch the adder.
You kill the adder!
You start resting.
Magic restored.
Found 11 gold pieces.
An iguana comes into view.
You see here 11 gold pieces.
You now have 11 gold pieces.
Found a puce potion.
The iguana hisses angrily.
You completely miss the iguana. The iguana bites you.
You closely miss the iguana. The iguana bites you!
The iguana bites you but does no damage.
You hit the iguana. You punch the iguana, but do no damage.
The iguana is moderately wounded.
The iguana barely misses you.
You hit the iguana.
The iguana is moderately wounded.
You hear the quick hiss of an avalanche of sand nearby.
The iguana bites you.
You barely miss the iguana.
The iguana is moderately wounded.
The iguana bites you.
* * * LOW HITPOINT WARNING * * *
You hit the iguana.
The iguana is heavily wounded.
The iguana closely misses you.
You hit the iguana.
The iguana is severely wounded.
The iguana misses you. The iguana bites you!
You die...

...h. ....... .......
....... ## ....# #.
.....# #.## #....#
#..# #....#
#.###.##.####
{##...........# #. { {
#..........# .!
#####+#..........##.##
.....................#
######......#....###.#
#......#....# #.#
#†.....#....# #.#####
#......#l...# #.....#
#......#@...# #.....#
#......###### #...[.#
#......# #.#...#
#......# #.#...#.#
###########......#
#.#...#.#
#................#
#.#...#.#
#.....!.....######
#<#...#.###
#...........#
####.##.#.#
#...........# #.##.#.#
#...........# #..#...#
#...........# ##...>.#
#...........#
#######.###
#...........#
#.......#
#...........#
#.####..#
#...........# #..#
#...........# ####
#############


You could see an iguana.

Vanquished Creatures
  A hound (Temple)
  An adder (D:6)
2 creatures vanquished.

Notes
Turn   | Place    | Note
-------+----------+-------------------------------------------
     0 | D:5      | petzl the Formicid Delver began the quest for the Orb.
     0 | D:5      | Reached XP level 1. HP: 18/18 MP: 1/1
     0 | D:5      | Noticed a water elemental
     7 | D:6      | Noticed a hound
    42 | D:7      | Noticed a necrophage
    65 | D:8      | Noticed a killer bee
    65 | D:8      | Noticed a killer bee
    65 | D:8      | Noticed a killer bee
    65 | D:8      | Noticed a killer bee
    65 | D:8      | Noticed a killer bee
    84 | D:7      | Noticed a hound
   128 | D:7      | Noticed a phantom
   164 | D:5      | Found a stormy altar of Qazlal.
   180 | D:5      | You fall into a shaft and drop 2 floors!
   366 | D:5      | Noticed an ogre
   373 | D:5      | Noticed a necrophage
   381 | D:5      | Found a staircase to the Ecumenical Temple.
   381 | D:5      | Noticed an ogre
   382 | D:5      | Noticed a hound
   385 | D:5      | Noticed a scorpion
   390 | Temple   | Entered the Ecumenical Temple
   397 | Temple   | Killed a hound
   398 | Temple   | Reached XP level 2. HP: 2/25 MP: 2/2
   398 | Temple   | Reached XP level 3. HP: 2/30 MP: 3/3
   515 | D:5      | You fall into a shaft and drop 1 floor!
   616 | D:6      | Mangled by an iguana

Illustrated notes

Levels and vault maps discovered:
D:5:      layout_cave_pools, nicolae_qazlal_style_of_elements,
          minmay_temple_entry_drinking_statues, uniq_blork_the_orc
D:6:      layout_basic, mainiacjoe_overflow_paths, serial_curves,
          eino_curves_02, eino_curves_01, nicolae_ossuary_entry_catacombs
D:7:      layout_loops_ring
D:8:      layout_cave_pools, zin_academy, mainiacjoe_overflow_six_doors_small
Temple:   eino_narrow_crystal_temple

Skill      XL: |  1 |
---------------+----+-----
Dodging        | 2 |  2.1
Fighting       | |  3.6
Maces & Flails | |  2.4
Stealth        | |  6.3
Spellcasting   | |  0.9

Action                   || total
-------------------------++-------
Melee: Mace              ||     7
       Quarterstaff      ||    16
       Punch             ||     3
 Abil: Shaft Self        ||     2
       Dig               ||     1
Armor: Leather armour    ||     8
Dodge: Dodged            ||    27

Table legend: (Time is in decaauts)
 A = Elapsed time spent in this place.
 B = Non-inter-level travel time spent in this place.
 C = Inter-level travel time spent in this place.
 D = Time resting spent in this place.
 E = Time spent auto-exploring this place.
 F = Levels seen in this place.
 G = Mean time per level.
                   A        B        C        D        E       F      G
               +--------+--------+--------+--------+--------+-----+--------+
         Total |    620 |    620 |      0 |    208 |    152 |   5 |  124.0 |
       Dungeon |    499 |    499 |      0 |     98 |    152 |   4 |  124.8 |
        Temple |    120 |    120 |      0 |    110 |      0 |   1 |  120.0 |
               +--------+--------+--------+--------+--------+-----+--------+

Top non-repeatable levels by time:
     D:7: 290 daAuts
     D:6: 146 daAuts
  Temple: 120 daAuts
     D:5: 60 daAuts
     D:8: 1 daAuts
